 Dungeon Crawl Stone Soup version 0.30.0-5-g1a98f26d00 (webtiles) character file.

Game seed: 494819822220240008

5940 SnakkuSnakku7 the Martial Artist (level 10, -4/49 HPs)
             Began as a Vine Stalker Fire Elementalist on May 13, 2023.
             Slain by Grum
             ... wielding a -1 halberd
              (17 damage)
             ... on level 9 of the Dungeon.
             The game lasted 00:09:39 (7034 turns).

SnakkuSnakku7 the Martial Artist (VSFE)             Turns: 7034, Time: 00:09:40

Health: -4/49      AC: 12    Str: 15    XL:     10   Next: 83%
Magic:  0/14       EV: 13    Int: 15    God:
Gold:   449        SH:  5    Dex: 15    Spells: 12/13 levels left

rFire   + .          .
                       - Unarmed
rCold   + . .        (no shield)
rNeg    . . .        l - +0 chain mail {rC+}
rPois   .            C - +0 helmet
rElec   .            (no cloak)
rCorr   .            (no gloves)
SInv    .            (no boots)
Will    +....        B - amulet of reflection Stlth
                     c - ring of protection from fire
HPRegen 1.08/turn    w - +5 ring of evasion
MPRegen 0.14/turn

%: reflection, guardian spirit
@: no status effects
A: fangs 3, regeneration 1, magic shield, antimagic bite, no potion heal 2
a: no special abilities


You were on level 9 of the Dungeon.
You visited 1 branch of the dungeon, and saw 9 of its levels.

You collected 449 gold pieces.

Inventory:

Missiles
 A - a throwing net
Armour
 a - a +0 robe
 l - a +0 chain mail of cold resistance (worn)
 C - a +0 helmet (worn)
Jewellery
 c - a ring of protection from fire (left hand)
 j - a ring of resist corrosion
 w - a +5 ring of evasion (right hand)
 B - an amulet of reflection (around neck)
Wands
 y - a wand of quicksilver (8)
 D - a wand of flame (4)
Scrolls
 e - 11 scrolls of identify {unknown}
 f - 3 scrolls of amnesia {unknown}
 i - a scroll of poison {unknown}
 o - 2 scrolls of blinking {unknown}
 p - 3 scrolls of immolation {unknown}
 q - a scroll of brand weapon {unknown}
 r - 4 scrolls of enchant weapon {unknown}
 t - 2 scrolls of fear {unknown}
 x - 2 scrolls of teleportation {unknown}
 z - a scroll of fog {unknown}
Potions
 b - 2 potions of magic
 d - 5 potions of heal wounds {unknown}
 g - a potion of cancellation {unknown}
 h - 3 potions of mutation {unknown}
 k - 2 potions of brilliance {unknown}
 m - 2 potions of berserk rage {unknown}
 n - 2 potions of might {unknown}
 s - 2 potions of flight {unknown}
 u - a potion of lignification {unknown}
 v - 2 potions of attraction {unknown}


   Skills:
 - Level 4.0 Fighting
 + Level 7.8 Armour
 - Level 1.5 Dodging
 - Level 2.4 Stealth
 - Level 12.0 Unarmed Combat
 - Level 2.1 Spellcasting
 - Level 1.0 Conjurations
 - Level 3.0 Fire Magic


You had 12 spell levels left.
You knew the following spells:

 Your Spells              Type           Power      Damage    Failure   Level
a - Foxfire               Conj/Fire      28%        2x1d5     69%         1

Your spell library contained the following spells:

 Spells                   Type           Power      Damage    Failure   Level
 Scorch                   Fire           20%        2d5       69%         2
 Freeze                   Ice            4%         1d3       92%         1
 Inner Flame              Hex/Fire       6%         N/A       98%         3
 Volatile Blastmotes      Fire/Tloc      12%        2d11      98%         3
 Hailstorm                Conj/Ice       3%         3d3       99%         3
 Stone Arrow              Conj/Erth      6%         3d7       99%         3
 Frozen Ramparts          Ice            2%         1d1       100%        3
 Ozocubu's Armour         Ice            1%         N/A       100%        3
 Animate Armour           Summ/Erth      2%         N/A       100%        4
 Flame Wave               Conj/Fire      7%         2d5       100%        4
 Fireball                 Conj/Fire      3%         3d4       100%        5
 Conjure Ball Lightning   Conj/Air       1%         3x3d6     100%        6
 Plasma Beam              Fire/Air       3%         2x1d14    100%        6
 Starburst                Conj/Fire      3%         6d3       100%        6
 Ozocubu's Refrigeration  Ice            0%         4d7       100%        7
 Discord                  Hex            0%         N/A       100%        8
 Disjunction              Tloc           0%         N/A       100%        8
 Lehudib's Crystal Spear  Conj/Erth      1%         10d2      100%        8


Dungeon Overview and Level Annotations

Branches:
Dungeon (9/15)             Temple (0/1) D:6            Lair (0/5) D:9
    Orc: D:9-12

Altars:
Ashenzari
Elyvilon
Fedhas
Gozag
Sif Muna

Shops:
D:1 ==   D:7 *

Annotations:
D:3 exclusion: oklob plant
D:9 Grum


Innate Abilities, Weirdness & Mutations

You have razor-sharp teeth.
Your natural rate of healing is unusually fast.
When hurt, damage is shared between your health and your magic reserves.
Your bite disrupts and absorbs the magic of your enemies.
Potions cannot restore your health.


Message History

You closely miss the wolf. You bite the wolf. You drain its power.
You feel invigorated.
The wolf is almost dead.
The wolf misses you. Grum closely misses you.
The wolf bites you but does no damage.
You punch the wolf!
You kill the wolf!
Grum hits you from afar with a -1 halberd.
Grum stares intently and grunts.
Grum hits you with a -1 halberd!!
You hit Grum.
Grum is lightly wounded.
Grum hits you with a -1 halberd!
You hit Grum but do no damage. You bite Grum, but do no damage.
Grum is lightly wounded.
You hit Grum. You punch Grum, but do no damage.
Grum is moderately wounded.
Grum barely misses you.
You barely miss Grum.
Grum is moderately wounded.
You block Grum's attack.
You hit Grum. Your bite misses Grum.
Grum is moderately wounded.
You block Grum's attack.
You hit Grum. Your bite misses Grum.
Grum is heavily wounded.
Grum hits you with a -1 halberd!
You punch Grum! Your bite misses Grum.
Grum is severely wounded.
You punch Grum! Your punch misses Grum.
Grum is almost dead.
Grum drinks a potion.
Grum is healed!
You barely miss Grum. You bite Grum. You drain his power.
You feel invigorated.
Grum is almost dead.
Grum hits you with a -1 halberd!
* * * LOW HITPOINT WARNING * * *
You closely miss Grum. You bite Grum, but do no damage.
Grum is almost dead.
Grum hits you with a -1 halberd!!
You die...

##.#. ... ... .h.
#h# #h# #g# #@#
###.### #.....#
##+## #.#.#.#
##...## #.#.#.##
##.....# # #.#..###
##.......
#......###...)....
#.##.......'........
#........#.#........


You could see Grum and 3 wolves.

Vanquished Creatures
  A two-headed ogre (D:9)
  Erica (D:8)
  A polar bear (D:8)
  A shadow (D:9)
  5 yaks
  A steam dragon (D:6)
  A water moccasin (D:5)
  4 orc warriors
  2 black bears (D:4)
  2 ogres
  An ice beast (D:6)
  2 wolves
  4 centaurs
  A phantom (D:6)
  Blork the orc (D:6)
  3 kobold brigands
  4 bullfrogs
  A gnoll sergeant (D:7)
  A scorpion (D:5)
  5 wights (D:8)
  4 howler monkeys
  2 jellies (D:7)
  2 hounds
  6 orc priests
  3 gnoll boudas
  2 sleepcaps
  Jessica (D:2)
  An iguana (D:5)
  5 orc wizards
  A centaur simulacrum (D:8)
  10 gnolls
  13 adders
  6 white imps
  3 ufetubi
  A worm (D:5)
  A dart slug (D:1)
  19 orcs
  5 ball pythons
  9 endoplasms
  3 giant cockroaches
  4 hobgoblins
  8 jackals
  14 kobolds
  5 quokkas
  7 bats
  4 frilled lizards
  15 goblins
  5 rats
201 creatures vanquished.

Vanquished Creatures (others)
  19 foxfires
19 creatures vanquished.

Grand Total: 220 creatures vanquished

Notes
Turn   | Place    | Note
-------+----------+-------------------------------------------
     0 | D:1      | SnakkuSnakku7 the Vine Stalker Fire Elementalist began the
                  | quest for the Orb.
     0 | D:1      | Reached XP level 1. HP: 9/9 MP: 4/4
    80 | D:1      | Found Zelit's Jewellery Shoppe.
   106 | D:1      | Reached skill level 1 in Unarmed Combat
   106 | D:1      | Reached XP level 2. HP: 14/14 MP: 4/6
   143 | D:1      | Reached skill level 1 in Fighting
   371 | D:1      | Found Sowk's Jewellery Emporium.
   375 | D:1      | Reached XP level 3. HP: 18/18 MP: 7/7
   738 | D:2      | Noticed Jessica
   742 | D:2      | Killed Jessica
   743 | D:2      | Reached skill level 2 in Unarmed Combat
   743 | D:2      | Gained mutation: Your natural rate of healing is unusually
                  | fast. [Vine Stalker growth]
   743 | D:2      | Reached XP level 4. HP: 23/23 MP: 4/8
  1611 | D:3      | Found a broken altar of Ashenzari.
  1729 | D:3      | Reached skill level 3 in Unarmed Combat
  1729 | D:3      | Reached XP level 5. HP: 23/27 MP: 9/9
  1948 | D:3      | Noticed an ogre
  2094 | D:3      | Found a blossoming altar of Fedhas.
  2108 | D:3      | Noticed an oklob plant
  2322 | D:3      | Killed an ogre
  2323 | D:3      | Reached XP level 6. HP: 18/32 MP: 10/10
  2536 | D:4      | Noticed a black bear
  2545 | D:4      | Killed a black bear
  2546 | D:4      | Reached skill level 4 in Unarmed Combat
  2867 | D:4      | Noticed a black bear
  2880 | D:4      | Killed a black bear
  2881 | D:4      | Reached skill level 5 in Unarmed Combat
  2881 | D:4      | Reached XP level 7. HP: 34/37 MP: 8/11
  3113 | D:5      | Entered Level 5 of the Dungeon
  3125 | D:5      | Reached skill level 6 in Unarmed Combat
  3229 | D:5      | Found the +5 woodcutter's axe
  3720 | D:5      | Reached skill level 7 in Unarmed Combat
  3805 | D:6      | Gained mutation: You have razor-sharp teeth. [Vine Stalker
                  | growth]
  3805 | D:6      | Reached XP level 8. HP: 38/42 MP: 10/12
  3834 | D:6      | Paralysed by a kobold for 4 turns
  3898 | D:6      | Reached skill level 8 in Unarmed Combat
  4014 | D:6      | Noticed Blork the orc
  4033 | D:6      | Killed Blork the orc
  4034 | D:6      | Reached skill level 9 in Unarmed Combat
  4368 | D:6      | Found a staircase to the Ecumenical Temple.
  4745 | D:7      | Found a white marble altar of Elyvilon.
  4746 | D:7      | Found a shimmering blue altar of Sif Muna.
  4777 | D:7      | Reached skill level 10 in Unarmed Combat
  4777 | D:7      | Reached XP level 9. HP: 43/45 MP: 11/13
  4952 | D:7      | Found Depraim's General Store.
  5123 | D:7      | Reached skill level 11 in Unarmed Combat
  5428 | D:8      | Reached skill level 12 in Unarmed Combat
  5436 | D:8      | Reached skill level 1 in Armour
  5625 | D:8      | Reached XP level 10. HP: 12/49 MP: 2/14
  5676 | D:8      | Found an opulent altar of Gozag.
  5810 | D:8      | Noticed Erica
  5825 | D:8      | Killed Erica
  5826 | D:8      | Reached skill level 5 in Armour
  5828 | D:8      | HP: 1/49 [yak (5)]
  6801 | D:9      | Found a staircase to the Lair.
  6829 | D:9      | Noticed a two-headed ogre
  6836 | D:9      | Killed a two-headed ogre
  7014 | D:9      | Noticed Grum
  7034 | D:9      | Slain by Grum

Illustrated notes

Levels and vault maps discovered:
D:1:      zelgadis_glass_arrival_small, layout_basic, serial_shops, shop, shop
D:2:      layout_basic, amcnicky_mini_pool_small, uniq_jessica
D:3:      layout_basic, tgw_fedhas, mainiacjoe_overflow_paths,
          minmay_ogre_servants
D:4:      layout_basic, minmay_misc_feat_rows, roderic_malta_cross,
          minmay_crystal_room, minmay_misc_feat_cross
D:5:      layout_basic
D:6:      layout_basic, minmay_temple_entry_tees,
          minmay_fractal_squares_gapless_5, uniq_blork_the_orc
D:7:      minmay_evil_eye, layout_gridville,
          mainiacjoe_overflow_large_starburst, kennysheep_windowed_goal
D:8:      layout_layer_cave, nicolae_gozag_seed_capital, serial_ice,
          serial_ice_f, serial_ice_h, serial_ice_o, serial_ice_c, minivault_22,
          uniq_erica
D:9:      layout_loops_corners, dpeg_oklobed_lair, grunt_decor_resistance,
          kennysheep_opposing_triangles, uniq_grum

Skill      XL: |  1  2  3  4  5  6  7  8  9 10 |
---------------+-------------------------------+-----
Unarmed Combat | 1 2 3 5 7 10 12 | 12.0
Fighting       | 1 2 3 4 |  4.0
Armour         | 3 7 |  7.8
Dodging        | |  1.5
Stealth        | |  2.4
Spellcasting   | |  2.1
Conjurations   | |  1.0
Fire Magic     | |  3.0

Action                     |  1- 3 |  4- 6 |  7- 9 | 10-12 || total
---------------------------+-------+-------+-------+-------++-------
  Melee: Unarmed           |    92 |   171 |   337 |   151 ||   751
         Bite              |    17 |    50 |   107 |    57 ||   231
         Punch             |     1 |     6 |    19 |    16 ||    42
   Cast: Foxfire           |    13 |     2 |       |       ||    15
  Evoke: Wand              |       |       |     4 |     2 ||     6
   Stab: Sleeping          |     8 |     6 |       |       ||    14
 Armour: Robe              |    19 |     7 |       |       ||    26
         Chain mail        |       |    86 |   144 |    37 ||   267
  Dodge: Dodged            |    70 |    68 |   175 |    66 ||   379
  Block: Other             |       |       |       |     4 ||     4
